Map: Pride of Altaris LE

Players

Trap - Winner!

  • Race: Protoss Protoss

Ryung

  • Race: Terran Terran
  • League: Master

Event: DreamHack SC2 Masters Last Chance 2022

VOD

Have the link to the VOD?

Description

Time

  • Played on: Dec. 15, 2021, 6:53 a.m.
  • Length: 11:39

All games in this series

Show
View Real Time Build Order
Export as new Build Order

Trap Protoss - Winner!

Build Orders: 1 Gate Expand, Blink Stalkers, Chargelot Immortal 

Get SALT Encoding   

  12  0:00  Probe  
  13  0:12  Probe  
  14  0:17  Pylon  
  14  0:24  Probe (Chrono Boost)  
  15  0:35  Gateway  
  15  0:36  Probe (Chrono Boost)  
  16  0:44  Probe (Chrono Boost)  
  16  0:45  Assimilator  
  17  0:50  Probe  
  18  1:03  Probe  
  19  1:15  Probe  
  20  1:23  Cybernetics Core  
  20  1:33  Nexus  
  20  1:40  Pylon  
  20  1:44  Probe  
  21  1:48  Assimilator  
  21  1:56  Adept (Chrono Boost), Probe  
  21  2:00  Warp Gate  
  24  2:08  Probe  
  25  2:16  Adept (Chrono Boost)  
  25  2:20  Probe  
  28  2:25  Twilight Council  
  28  2:32  Probe  
  29  2:38  Adept (Chrono Boost)  
  31  2:45  Probe  
  31  2:46  Probe  
  33  2:57  Probe  
  33  2:58  Probe  
  35  3:00  Stalker (Chrono Boost)  
  35  3:01  Blink (Chrono Boost)  
  37  3:10  Probe (Chrono Boost)  
  37  3:12  Probe (Chrono Boost)  
  39  3:19  Gateway  
  40  3:21  Probe (Chrono Boost)  
  40  3:25  Probe (Chrono Boost)  
  40  3:26  Probe (Chrono Boost)  
  41  3:34  Robotics Facility, Probe  
  41  3:36  Probe  
  41  3:38  Pylon  
  43  3:46  Probe  
  44  3:48  Stalker  
  44  3:54  Probe  
  45  3:59  Probe  
  46  4:06  Probe  
  46  4:07  Nexus  
  47  4:14  Probe  
  47  4:16  Stalker  
  50  4:18  Probe  
  50  4:19  Pylon  
  50  4:22  Observer  
  50  4:23  Stalker  
  54  4:29  Pylon  
  54  4:37  Probe x2  
  57  4:47  Stalker x2  
  57  4:49  Probe x2  
  57  4:52  Shield Battery  
  63  4:53  Immortal (Chrono Boost)  
  58  5:15  Stalker x2  
  58  5:21  Assimilator, Pylon  
  62  5:22  Assimilator  
  62  5:32  Nexus, Probe x2  
  62  5:36  Immortal (Chrono Boost)  
  62  5:37  Gateway, Charge  
  62  5:38  Gateway  
  66  5:46  Gateway  
  66  5:48  Stalker, Zealot  
  65  6:02  Shield Battery  
  65  6:04  Pylon  
  65  6:08  Immortal (Chrono Boost), Gateway  
  69  6:17  Pylon  
  69  6:21  Stalker  
  69  6:22  Stalker  
  69  6:34  Probe x2  
  61  6:50  Zealot x3  
  61  6:51  Zealot x2  
  63  6:56  Warp Prism (Chrono Boost)  
  63  7:00  Probe  
  63  7:01  Probe  
  67  7:03  Nexus  
  67  7:09  Sentry  
  67  7:11  Sentry  
  67  7:12  Zealot, Dark Shrine  
  73  7:17  Zealot  
  73  7:19  Zealot  
  77  7:23  Stalker  
  79  7:30  Immortal (Chrono Boost)  
  83  7:37  Pylon  
  83  7:41  Stalker  
  79  7:51  Stalker  
  79  7:52  Stalker  
  79  7:55  Zealot x3  
  69  8:08  Zealot  
  67  8:14  Zealot  
  67  8:15  Zealot x4  
  70  8:38  Nexus, Probe x2  
  72  8:52  Dark Templar x3  
  72  8:53  Dark Templar  
  80  8:58  Probe x2  
  78  9:24  Sentry x2  
  78  9:25  Zealot x3  
  78  9:30  Robotics Facility  
  88  9:35  Pylon  
  86  9:39  Gateway, Pylon  
  86  9:43  Gateway, Probe x2  
  88  10:05  Probe x3  
  88  10:06  Dark Templar x2  
  88  10:07  Dark Templar  
  97  10:08  Zealot, Dark Templar, Shield Battery  
  97  10:14  Archon x2  
  99  10:18  Probe x3  
  99  10:19  Forge  
  102  10:29  Stalker  
  102  10:30  Pylon  
  102  10:34  Dark Templar  
  106  10:37  Dark Templar  
  106  10:39  Zealot x2  
  112  10:44  Archon  
  112  10:45  Zealot x2  
  116  10:50  Immortal (Chrono Boost)  
  120  10:58  Zealot  
  120  10:59  Zealot x2  
  122  11:12  Zealot  
  122  11:13  Zealot x3  
  122  11:27  Stalker x3  
Show
View Real Time Build Order
Export as new Build Order

Ryung Terran 

Build Orders:  

Get SALT Encoding   

  12  0:00  SCV  
  13  0:12  SCV  
  14  0:16  Supply Depot  
  14  0:24  SCV  
  15  0:38  SCV, Barracks  
  16  0:43  Refinery  
  16  0:50  SCV  
  16  0:52  Refinery  
  17  1:02  SCV  
  18  1:05  Supply Depot  
  18  1:14  SCV  
  19  1:25  Reaper  
  20  1:27  Orbital Command  
  20  1:41  Factory  
  20  1:52  SCV  
  21  1:57  Barracks Reactor  
  21  2:05  SCV  
  22  2:16  Command Center  
  22  2:18  SCV  
  23  2:24  Widow Mine  
  25  2:30  SCV  
  25  2:33  Marine x2  
  28  2:42  SCV  
  28  2:43  Starport  
  28  2:48  Supply Depot  
  28  2:49  Factory Tech Lab  
  28  2:52  Marine  
  28  2:54  Marine  
  28  2:57  SCV  
  31  3:09  Cyclone  
  31  3:11  Marine  
  31  3:12  Marine  
  36  3:14  SCV  
  36  3:19  Medivac  
  39  3:27  Orbital Command  
  39  3:30  Marine  
  39  3:32  Marine  
  41  3:38  SCV  
  42  3:42  Siege Tank  
  45  3:49  Marine  
  45  3:50  Marine  
  45  3:54  Orbital Command  
  46  3:57  Viking  
  46  3:59  SCV  
  49  4:04  Supply Depot  
  49  4:07  Marine x2  
  51  4:12  SCV  
  52  4:20  SCV  
  53  4:25  Siege Tank, Marine  
  53  4:26  Marine  
  53  4:28  Viking  
  60  4:33  SCV  
  60  4:34  SCV  
  62  4:39  Supply Depot  
  62  4:48  Supply Depot  
  62  4:56  Bunker  
  62  5:01  SCV x2, Siege Tank  
  64  5:08  Viking  
  64  5:13  SCV x2  
  68  5:17  Supply Depot  
  68  5:20  Marine x2  
  70  5:25  SCV x2  
  72  5:29  Barracks  
  72  5:33  Siege Tank  
  75  5:37  SCV x2  
  75  5:41  Supply Depot  
  77  5:53  Viking  
  77  5:54  Bunker  
  78  5:58  SCV x2  
  78  6:01  Marine x2  
  72  6:14  Siege Tank  
  72  6:18  SCV, Barracks Tech Lab  
  75  6:19  Marine  
  76  6:26  Marine  
  76  6:30  SCV  
  71  6:35  Orbital Command  
  71  6:37  Marine  
  71  6:39  Marine  
  68  6:43  Marine  
  67  6:49  SCV  
  63  6:55  Stimpack, Marine  
  63  6:57  Marine  
  65  7:01  SCV, Marine  
  65  7:05  SCV, Engineering Bay  
  65  7:08  Siege Tank, Barracks  
  71  7:13  SCV  
  71  7:14  Refinery  
  72  7:21  Marine x3  
  76  7:22  SCV  
  76  7:25  SCV  
  75  7:38  Marine  
  75  7:39  Marine  
  75  7:40  Siege Tank  
  79  7:44  Orbital Command  
  77  7:56  Marine  
  77  7:57  Marine  
  77  7:58  Marine  
  64  7:59  Marine  
  62  8:14  Marine x2  
  56  8:29  Marine  
  56  8:32  Marine  
  43  8:39  Marine x2  
  45  8:47  Marine  
  46  8:50  Marine  
  47  8:56  Marine  
  47  8:57  Marine, Orbital Command  
  49  9:04  Marine  
  49  9:08  Marine  
  51  9:11  Missile Turret  
  48  9:19  Marine x2  
  50  9:27  Marine x2  
  50  9:29  Supply Depot  
  52  9:37  Marine  
  52  9:38  Missile Turret  
  53  9:39  Combat Shield  
  53  9:40  Marine, Orbital Command  
  53  9:45  Marine x2  
  53  10:06  Marine x4  
  57  10:09  SCV x2  
  57  10:24  Marine x2  
  57  10:26  Marine x2  
  61  10:37  SCV x2  
  61  10:41  Marine  
  61  10:42  Marine  
  65  10:44  Marine  
  66  10:52  Marine  
  67  10:59  Marine  
  67  11:02  Marine  
  67  11:03  Marine  
  70  11:16  Marine  
  70  11:17  Marine  
  69  11:20  Marine  

Tags
 
Add a new tag
Caveats
  • Supply blocks, unpowered buildings, or Contaminate may cause inaccurate times.
  • Supply counts are checked every 10 seconds.